 Dungeon Crawl Stone Soup version 0.31.0-9-g3a7656b989 (webtiles) character file.

Game seed: 14390529122840386177

1122 qw the Skirmisher (level 8, 0/44 HPs)
             Began as a Deep Elf Hunter on Feb 2, 2024.
             Was a Believer of Okawaru.
             Succumbed to a hornet's poison
             ... on level 7 of the Dungeon.
             The game lasted 00:00:20 (5351 turns).

qw the Skirmisher (Deep Elf Hunter)                 Turns: 5351, Time: 00:00:21

Health: 0/44       AC:  9    Str: 10    XL:     8   Next: 12%
Magic:  13/13      EV: 16    Int: 15    God:    Okawaru [**....]
Gold:   310        SH:  0    Dex: 18    Spells: 7/7 levels left

rFire   . . .        a - +3 shortbow
rCold   . . .        (shield currently unavailable)
rNeg    . . .        e - +0 ring mail
rPois   .            (no helmet)
rElec   .            (no cloak)
rCorr   .            (no gloves)
SInv    .            (no boots)
Will    .....        d - amulet of the acrobat
Stlth   +            b - +4 ring of protection
HPRegen 0.27/turn    j - +5 ring of evasion
MPRegen 0.13/turn

%: acrobat
@: lethally poisoned (0 -> -15), marked, slowed, very slow
A: no striking features
a: Renounce Religion, Heroism


You were on level 7 of the Dungeon.
You worshipped Okawaru.
Okawaru was pleased with you.
You visited 2 branches of the dungeon, and saw 8 of its levels.

You collected 346 gold pieces.
You spent 36 gold pieces at shops.


   Skills:
 - Level 2.0 Fighting
 - Level 12.0 Ranged Weapons
 + Level 0.7 Armour
 - Level 3.0 Dodging
 - Level 1.2 Stealth
 - Level 4.1 Invocations


You had 7 spell levels left.
You didn't know any spells.
Your spell library was empty.

Inventory:

Hand Weapons
 a - a +3 shortbow (weapon)
Armour
 e - a +0 ring mail (worn)
Jewellery
 b - a +4 ring of protection (left hand)
 d - an amulet of the acrobat (around neck)
 j - a +5 ring of evasion (right hand)
Wands
 c - a wand of iceblast (5)
Potions
 f - a potion of haste
 g - 3 potions of curing
 i - 2 potions of enlightenment
 k - a potion of might {unknown}
 l - a potion of mutation {unknown}
 m - a potion of berserk rage {unknown}

Dungeon Overview and Level Annotations

Branches:
Dungeon (7/15)             Temple (1/1) D:4

Altars:
Ashenzari
Elyvilon
Fedhas
Gozag
Hepliaklqana
Makhleb
Nemelex Xobeh
Okawaru
Qazlal
Ru
Sif Muna
Trog
Uskayaw
Vehumet
Wu Jian
Xom
Yredelemnul
Zin

Shops:
D:2 !   D:5 (

Annotations:
D:7 Joseph


Message History

The hornet closely misses you. The hound barely misses you.
5346 ||| DRINKING 2 potions of heal wounds.
You feel much better. The scorpion barely misses you.
The hornet barely misses you. The hound barely misses you.
Something hits you but does no damage. Something barely misses you.
The scorpion stings you but does no damage.
5347 ||| RETREEEEATING.
You shoot an arrow. The hornet completely misses you.
The hound bites you but does no damage. Something hits you!
Something bites you but does no damage.
An orc comes into view. It is wielding a +0 short sword.
The scorpion stings you.
A water moccasin comes into view.
The hornet barely misses you.
5348 ||| RETREEEEATING.
You shoot an arrow. The hound barely misses you. The hornet stings you!
You are lethally poisoned!
You feel yourself slow down. The scorpion stings you. The hound misses you.
Something hits you. Something bites you but does no damage.
5349 ||| DRINKING potion of heal wounds.
You feel much better.
You feel very sick. The hornet closely misses you.
The hound completely misses you.
The scorpion stings you but does no damage.
Something hits you. Something bites you.
Something draws strength from your injuries!
The hornet barely misses you. The hound barely misses you.
The scorpion closely misses you.
5350 ||| RETREEEEATING.
You shoot an arrow.
You feel yourself speed up.
You feel sick. The hornet barely misses you. The hound bites you.
Something hits you. Something bites you but does no damage.
The scorpion barely misses you. The hornet stings you.
You are more poisoned.
You feel yourself slow down. The hound misses you.
You hear some strange, mumbled words.
Something tries to affect you, but you resist.
Joseph, a Mercenary comes into view.
He is wielding a +0 quarterstaff and wearing a +1 ring mail of poison resistance.
5351 ||| RETREEEEATING.
You shoot an arrow.
You die...

. #.####### ...
#.......# #.#
..#:....# #.#
...>....### #.#
..#.....{.#### #.#
..@...ocs@h..# #.#
..##...Sy.#..####.##
.
#....#..........###
#######......#....##
#....#.#..#<.###
#....#.##..#...##
.........##......#
##...........######
......##.#.#.#


You could see Joseph, a hornet, a water moccasin, a centaur, a scorpion, a hound
and an orc.

Vanquished Creatures
  A steam dragon (D:6)
  A water moccasin (D:5)
  An ogre (D:4)
  A phantom (D:5)
  A scorpion (D:6)
  A bombardier beetle (D:5)
  A howler monkey (D:5)
  5 hounds
  A gnoll bouda (D:6)
  2 jellies (D:6)
  A sleepcap (D:4)
  3 iguanas
  2 orc wizards
  3 gnolls (D:6)
  10 adders
  3 ribbon worms
  2 dart slugs
  8 orcs
  6 ball pythons
  2 bats (D:2)
  5 endoplasms
  3 giant cockroaches
  8 goblins
  11 hobgoblins
  5 jackals (D:1)
  7 kobolds
  4 quokkas
  5 frilled lizards
  3 rats
106 creatures vanquished.

Notes
Turn   | Place    | Note
-------+----------+-------------------------------------------
     0 | D:1      | qw the Deep Elf Hunter began the quest for the Orb.
     0 | D:1      | Reached XP level 1. HP: 12/12 MP: 3/3
     0 | D:1      | 0 ||| qw: Version: 0.3-a-155-g5e7d8dd
     0 | D:1      | 0 ||| qw: Game counter: 681
     0 | D:1      | 0 ||| qw: Melee chars always use a shield: true
     0 | D:1      | 0 ||| qw: God list: Okawaru
     0 | D:1      | 0 ||| qw: Allow faded altars: false
     0 | D:1      | 0 ||| qw: Do Orc after clearing Dungeon:15 true
     0 | D:1      | 0 ||| qw: Do second Lair branch before Depths: true
     0 | D:1      | 0 ||| qw: Lair rune preference: random
     0 | D:1      | 0 ||| qw: Goals: Normal
     0 | D:1      | 0 ||| PLANNING D:1-11
   135 | D:1      | Reached skill level 6 in Ranged Weapons
   135 | D:1      | Reached XP level 2. HP: 16/16 MP: 4/4
   349 | D:1      | Found a faded altar of an unknown god.
   367 | D:1      | Reached XP level 3. HP: 20/20 MP: 5/5
   683 | D:1      | 683 ||| READING scroll labelled EFAUZU BEASHU.
   683 | D:1      | 683 ||| ENCHANTING +0 shortbow.
   684 | D:1      | 684 ||| READING scroll labelled MYMMASHR POLO.
   685 | D:1      | 685 ||| READING scroll labelled RICAPO ETZI.
   725 | D:1      | 725 ||| READING scroll labelled PALETEILO.
   726 | D:1      | 726 ||| DROPPING scroll of butterflies.
   964 | D:2      | Reached skill level 7 in Ranged Weapons
  1078 | D:2      | Found a broken altar of Ashenzari.
  1214 | D:2      | Found Ythaip's Distillery.
  1278 | D:2      | 1278 ||| SHOPLISTING potion of cancellation (96 gold, have
                  | 61).
  1278 | D:2      | 1278 ||| BUYING potion of curing (36 gold).
  1278 | D:2      | Bought a potion of curing for 36 gold pieces
  1278 | D:2      | 1278 ||| SHOPLISTING potion of curing (36 gold, have 25).
  1278 | D:2      | 1278 ||| SHOPLISTING potion of enlightenment (60 gold, have
                  | 25).
  1278 | D:2      | 1278 ||| SHOPLISTING potion of mutation (96 gold, have 25).
  1278 | D:2      | 1278 ||| SHOPLISTING potion of resistance (120 gold, have
                  | 25).
  1370 | D:2      | You fall into a shaft and drop 1 floor!
  1518 | D:3      | 1518 ||| UPGRADING to +4 ring of protection.
  1519 | D:3      | 1519 ||| READING scroll labelled JACOCE COAZEX.
  1520 | D:3      | 1520 ||| READING scroll labelled UGOMAN ZOIHYNI.
  1520 | D:3      | 1520 ||| IDENTIFYING dark potion
  1521 | D:3      | 1521 ||| DRINKING 2 purple potions.
  1683 | D:2      | Reached XP level 4. HP: 20/25 MP: 6/6
  1867 | D:2      | 1867 ||| READING scroll labelled XUNOAH NOAWY.
  2055 | D:3      | 2055 ||| READING scroll of enchant weapon.
  2055 | D:3      | 2055 ||| ENCHANTING +1 shortbow.
  2329 | D:3      | Reached skill level 8 in Ranged Weapons
  2431 | D:3      | 2431 ||| READING scroll of enchant weapon.
  2431 | D:3      | 2431 ||| ENCHANTING +2 shortbow.
  2508 | D:3      | 2508 ||| UPGRADING to +5 ring of evasion.
  2509 | D:3      | 2509 ||| READING 3 scrolls of identify.
  2509 | D:3      | 2509 ||| IDENTIFYING 2 silvery potions
  2510 | D:3      | 2510 ||| READING 2 scrolls of identify.
  2510 | D:3      | 2510 ||| IDENTIFYING scroll labelled NEQAMADGHUU
  2511 | D:3      | 2511 ||| READING scroll of identify.
  2511 | D:3      | 2511 ||| IDENTIFYING scroll labelled INESETHEHAH
  2512 | D:3      | 2512 ||| READING scroll labelled BEOVIAN NIUSK.
  2513 | D:3      | 2513 ||| DROPPING scroll of blinking.
  2514 | D:3      | 2514 ||| DROPPING scroll of poison.
  2653 | D:4      | Found a staircase to the Ecumenical Temple.
  2654 | D:4      | 2654 ||| PLANNING TEMPLE
  2662 | Temple   | Entered the Ecumenical Temple
  2663 | Temple   | 2663 ||| PLANNING OKAWARU WORSHIP
  2673 | Temple   | Became a worshipper of Warmaster Okawaru
  2674 | Temple   | 2674 ||| PLANNING D:1-11
  2778 | D:4      | Reached XP level 5. HP: 25/29 MP: 7/7
  2878 | D:4      | Noticed an ogre
  2879 | D:4      | 2879 ||| DRINKING potion of haste.
  2890 | D:4      | Killed an ogre
  2891 | D:4      | Reached skill level 9 in Ranged Weapons
  2891 | D:4      | Reached XP level 6. HP: 20/34 MP: 8/8
  3123 | D:4      | Reached skill level 3 in Dodging
  3287 | D:4      | Reached * piety under Okawaru
  3701 | D:4      | Found an opulent altar of Gozag.
  3809 | D:4      | 3809 ||| UPGRADING to +0 ring mail.
  3819 | D:4      | 3819 ||| DROPPING +0 leather armour.
  3820 | D:4      | 3820 ||| UPGRADING to amulet of the acrobat.
  3825 | D:4      | 3825 ||| READING scroll labelled SOIGUJURAO.
  3850 | D:5      | Entered Level 5 of the Dungeon
  3878 | D:5      | Found an ornate altar of the Wu Jian Council.
  3934 | D:5      | Found Warhyaghi's Antique Weapon Emporium.
  3941 | D:5      | Reached skill level 10 in Ranged Weapons
  3962 | D:5      | Reached skill level 1 in Invocations
  3980 | D:5      | Reached XP level 7. HP: 36/40 MP: 9/9
  4190 | D:5      | Reached skill level 11 in Ranged Weapons
  4190 | D:5      | Reached skill level 3 in Invocations
  4242 | D:5      | Found a bloodstained altar of Trog.
  4360 | D:5      | Found a burning altar of Makhleb.
  4442 | D:5      | 4442 ||| READING scroll labelled FUEMPE AHEMEATAOH.
  4529 | D:6      | Noticed a steam dragon
  4530 | D:6      | 4530 ||| INVOKING Heroism.
  4532 | D:6      | 4532 ||| Stepping ~*~*~tactically~*~*~ (cloud).
  4537 | D:6      | HP: 8/40 [steam dragon] (8)]
  4538 | D:6      | 4538 ||| READING scroll of teleportation.
  4539 | D:6      | 4539 ||| DRINKING 3 potions of heal wounds.
  4542 | D:6      | Killed a steam dragon
  4760 | D:6      | Found a broken altar of Ashenzari.
  4777 | D:6      | Reached ** piety under Okawaru
  4786 | D:6      | Reached XP level 8. HP: 44/44 MP: 13/13
  5050 | D:6      | Reached skill level 12 in Ranged Weapons
  5338 | D:7      | Noticed a hornet
  5339 | D:7      | 5339 ||| RETREEEEATING.
  5340 | D:7      | 5340 ||| RETREEEEATING.
  5341 | D:7      | 5341 ||| RETREEEEATING.
  5342 | D:7      | 5342 ||| RETREEEEATING.
  5343 | D:7      | 5343 ||| RETREEEEATING.
  5344 | D:7      | 5344 ||| RETREEEEATING.
  5345 | D:7      | 5345 ||| RETREEEEATING.
  5345 | D:7      | HP: 8/44 [something (4)]
  5346 | D:7      | 5346 ||| DRINKING 2 potions of heal wounds.
  5347 | D:7      | 5347 ||| RETREEEEATING.
  5348 | D:7      | 5348 ||| RETREEEEATING.
  5349 | D:7      | 5349 ||| DRINKING potion of heal wounds.
  5350 | D:7      | 5350 ||| RETREEEEATING.
  5350 | D:7      | HP: 9/44 [something (5)]
  5350 | D:7      | Noticed Joseph
  5351 | D:7      | 5351 ||| RETREEEEATING.
  5351 | D:7      | Succumbed to a hornet's poison

Levels and vault maps discovered:
D:1:      elethiomel_arrival_quiet, layout_basic,
          hellmonk_ecumenical_altar_run_dry, minmay_octomino_j4
D:2:      layout_loops_corners, basic_altar, serial_shops, shop
D:3:      minmay_wonky_spiral, layout_basic
D:4:      minmay_general_purpose_star, layout_loops_corners, marbit_many_paths,
          minmay_temple_entry_junction
D:5:      layout_cave_pools, mainiacjoe_overflow_alcove_1,
          kennysheep_little_box, lightli_temple_of_fire, serial_shops,
          nicolae_shop_waterfront, minmay_between
D:6:      layout_basic, mainiacjoe_overflow_six_doors_small
D:7:      layout_rooms, mainiacjoe_overflow_surrounded_room,
          serial_bayou_lagoon_a, minmay_ruffians, uniq_maggie, uniq_joseph
Temple:   nicolae_temple_god_jail

Skill      XL: |  1  2  3  4  5  6  7  8 |
---------------+-------------------------+-----
Ranged Weapons | 6 7 8 9 10 11 12 | 12.0
Dodging        | 3 |  3.0
Fighting       | 2 |  2.0
Invocations    | 1 4 |  4.1
Armour         | |  0.7
Stealth        | |  1.2

Action                     |  1- 3 |  4- 6 |  7- 9 || total
---------------------------+-------+-------+-------++-------
   Fire: Shortbow          |   108 |   169 |   112 ||   389
 Invoke: Heroism           |       |       |     1 ||     1
    Use: Scroll            |     6 |     8 |     2 ||    16
         Potion            |     1 |     1 |     3 ||     5
 Armour: Leather armour    |    19 |    26 |       ||    45
         Ring mail         |       |     7 |    73 ||    80
  Dodge: Dodged            |    15 |    47 |    70 ||   132

Table legend:
 A = Non-vault XP
 B = Vault XP
 C = Vault XP percentage of total XP
 D = Non-vault monster count
 E = Vault monster count
 F = Vault count percentage of total count
                 A         B        C        D         E       F
            +---------+---------+-------+---------+---------+-------
      Total |    1308 |     296 |  18.5 |      93 |      13 |  12.3
            +---------+---------+-------+---------+---------+-------
        D:1 |      39 |       7 |  15.2 |      21 |       4 |  16.0
        D:2 |      73 |       0 |   0.0 |      18 |       0 |   0.0
        D:3 |      33 |       6 |  15.4 |      12 |       2 |  14.3
        D:4 |     328 |      85 |  20.6 |      20 |       4 |  16.7
        D:5 |     283 |     198 |  41.2 |       7 |       3 |  30.0
        D:6 |     552 |       0 |   0.0 |      15 |       0 |   0.0
            +---------+---------+-------+---------+---------+-------
